 Dungeon Crawl Stone Soup version 0.28.0-45-g0d030f2227 (webtiles) character file.

Game seed: 12112378373555917866

36 tevo3000 the Covered (level 3, -1/24 HPs)
             Began as a Gargoyle Fighter on Apr 4, 2022.
             Was a Believer of Nemelex Xobeh.
             Slain by an orc
             ... wielding a +0 flail
              (2 damage)
             ... on level 3 of the Dungeon.
             The game lasted 00:10:27 (1441 turns).

tevo3000 the Covered (Gargoyle Fighter)             Turns: 1441, Time: 00:10:28

Health: -1/24      AC: 12    Str: 21    XL:     3   Next: 37%
Magic:  3/3        EV:  7    Int:  8    God:    Nemelex Xobeh [**....]
Gold:   131        SH:  4    Dex:  9    Spells: 2/2 levels left

rFire   . . .      SeeInvis .   a - +0 flail
rCold   . . .      Faith    .   c - +0 buckler
rNeg    + . .      Spirit   .   j - +0 chain mail
rPois   ∞          Reflect  .   (no helmet)
rElec   +          Harm     .   (no cloak)
rCorr   .          Rampage  .   (no gloves)
Will    .....                   (no boots)
Stlth   ..........              (no amulet)
HPRegen 0.08/turn               k - ring of wizardry
MPRegen 0.08/turn               (no ring)

@: no status effects
A: sickness immunity, AC +3, negative energy resistance 1, electricity
resistance, torment resistance 1, petrification resistance
a: Renounce Religion, Draw Escape, Draw Destruction, Draw Summoning


You were on level 3 of the Dungeon.
You worshipped Nemelex Xobeh.
Nemelex Xobeh was pleased with you.
You visited 1 branch of the dungeon, and saw 3 of its levels.

You collected 131 gold pieces.

Inventory:

Hand Weapons
 a - a +0 flail (weapon)
Armour
 b - a +0 scale mail
 c - a +0 buckler (worn)
 j - a +0 chain mail (worn)
Jewellery
 k - a ring of wizardry (left hand)
 l - an amulet of regeneration
Scrolls
 e - 2 scrolls of vulnerability {unknown}
 g - 2 scrolls of identify {unknown}
 i - a scroll of noise {unknown}
Potions
 d - a potion of might
 f - 2 potions of curing {unknown}
 h - a potion of attraction {unknown}


   Skills:
 + Level 3.6 Fighting
 - Level 2.0 Maces & Flails
 + Level 4.0 Armour
 + Level 3.6 Shields
 * Level 1.0 Invocations


You had 2 spell levels left.
You didn't know any spells.
Your spell library contained the following spells:

 Spells                   Type           Power      Damage    Failure   Level
 Apportation              Tloc           0%         N/A       87%         1
 Passwall                 Tmut/Erth      0%         N/A       95%         2
 Manifold Assault         Tloc           0%         N/A       100%        5


Dungeon Overview and Level Annotations

Branches:
Dungeon (3/15)

Altars:
Nemelex Xobeh
Beogh


Innate Abilities, Weirdness & Mutations

You are immune to sickness and miasma.
Your stone body is resilient. (AC +3)
You are immune to poison.
You resist negative energy. (rN+)
You are resistant to electric shocks. (rElec)
You are resistant to unholy torment.
You are immune to petrification.


Message History

The ball python constricts you.
The endoplasm hits you but does no damage.
The ball python bites you. The ball python constricts you.
You closely miss the ball python. The endoplasm freezes you.
You are frozen.
The ball python bites you but does no damage.
The ball python constricts you.
You closely miss the ball python. You block the ball python's attack.
The ball python constricts you. The endoplasm completely misses you.
The ball python bites you but does no damage.
The ball python constricts you.
The endoplasm hits you but does no damage.
You sock the ball python!
You kill the ball python!
The endoplasm freezes you.
You are frozen.
Your Armour skill increases to level 4!
You hit the endoplasm.
The endoplasm is almost dead.
The endoplasm freezes you.
You are frozen.
You barely miss the endoplasm.
The endoplasm is almost dead.
The endoplasm freezes you.
You are frozen.
* * * LOW HITPOINT WARNING * * *
The endoplasm hits you.
* * * LOW HITPOINT WARNING * * *
You hit the endoplasm.
You kill the endoplasm!
Your Invocations skill increases to level 1!
An orc comes into view. It is wielding a +0 flail.
The orc shouts!
The orc hits you with a +0 flail!
* * * LOW HITPOINT WARNING * * *
You block the orc's attack. The orc hits you with a +0 flail.
You die...
Your body glows slightly and disappears.

#. . .# #.##.
..#### #.#..
..... #
#.#.###.#.#
##.#.........###
................
#.....# #.#o#.#
#@#.# #.#.#
..#<# ######


You could see an orc.

Vanquished Creatures
  A worm (D:2)
  A dart slug (D:1)
  6 ball pythons
  2 endoplasms
  4 giant cockroaches
  A goblin (D:1)
  2 hobgoblins
  3 jackals (D:2)
  A quokka (D:2)
  A bat (D:1)
  2 kobolds (D:2)
  3 rats (D:1)
27 creatures vanquished.

Notes
Turn   | Place    | Note
-------+----------+-------------------------------------------
     0 | D:1      | tevo3000 the Gargoyle Fighter began the quest for the Orb.
     0 | D:1      | Reached XP level 1. HP: 14/14 MP: 1/1
   177 | D:1      | Reached XP level 2. HP: 19/19 MP: 2/2
   182 | D:1      | Got the Compendium of Displaced Stones
   209 | D:1      | Found a faded altar of an unknown god.
   212 | D:1      | Prayed at the altar of an unknown god.
   212 | D:1      | Became a worshipper of Nemelex Xobeh the Trickster
   212 | D:1      | Reached * piety under Nemelex Xobeh
   241 | D:1      | Received a gift from Nemelex Xobeh
   493 | D:1      | Received a gift from Nemelex Xobeh
   927 | D:2      | Reached ** piety under Nemelex Xobeh
  1133 | D:2      | Reached XP level 3. HP: 21/23 MP: 3/3
  1365 | D:3      | Reached skill level 4 in Armour
  1369 | D:3      | Reached skill level 1 in Invocations
  1439 | D:3      | HP: 1/24 [orc/+0 flail (7)]
  1441 | D:3      | Slain by an orc

Illustrated notes

Levels and vault maps discovered:
D:1:      minmay_arrival_loop, layout_basic,
          hellmonk_ecumenical_altar_defaced_shrine
D:2:      layout_basic
D:3:      layout_basic, uniq_robin

Skill      XL: |  1  2  3 |
---------------+----------+-----
Armour         | 4 |  4.0
Invocations    | 1 |  1.0
Fighting       | |  3.6
Maces & Flails | |  2.0
Shields        | |  3.6

Action                   || total
-------------------------++-------
Melee: Flail             ||    77
Invok: Draw Destruction  ||     6
Armor: Scale mail        ||    30
       Chain mail        ||    22
Dodge: Dodged            ||    42
Block: Buckler           ||    27
